 Dungeon Crawl Stone Soup version 0.28-a0-863-g8cecda6153 (webtiles) character file.

Game seed: 9718658998746690752

282377 Rennog the Warrior (level 20, -8/190 HPs)
             Began as a Gnoll Wanderer on Nov 14, 2021.
             Was a High Priest of Ashenzari.
             Killed from afar by a spriggan air mage (49 damage)
             ... with a bolt of lightning
             ... on level 2 of the Depths on Nov 16, 2021.
             The game lasted 02:54:25 (58975 turns).

Rennog the Warrior (Gnoll Wanderer)                Turns: 58975, Time: 02:54:25

Health: -8/190     AC: 21    Str: 20    XL:     20   Next: 93%
Magic:  35/45      EV: 19    Int: 14    God:    Ashenzari [*****.]
Gold:   1152       SH: 20    Dex: 18    Spells: 1/62 levels left

rFire   . . .      SeeInvis +   a - +6 hand axe of Cremastomancy {drain, rPois Str-2 SInv, Evo, Self} (curse)
rCold   . . .      Faith    .   C - +0 kite shield of Desmomancy {Dex+4 Stlth+, Fort, Bglg} (curse)
rNeg    . . .      Spirit   .   b - +0 chain mail "Chained Paranoia" {rCorr, Melee, Comp} (curse)
rPois   +          Reflect  +   d - +0 helmet "Unveiling Repose" {Evo, Cun} (curse)
rElec   .          Harm     .   V - +0 cloak of the Shackled Yoke {Self, Bglg} (curse)
rCorr   +          Rampage  .   e - +0 pair of gloves of Ashenzari's Activism {Melee, Self} (curse)
Will    +....      Clarity  +   Y - +0 pair of boots "At What Cost Knowledge?" {Bglg, Comp} (curse)
Stlth   +++++.....              m - amulet "Omniscient Loss" {Reflect SH+5, Melee, Self} (curse)
HPRegen 0.41/turn               E - +4 ring of slaying
MPRegen 0.29/turn               p - ring "Oscillating Fan" {Str+6, Cun, Self} (curse)

@: forested, studying 2 skills
A: fangs 1, strong nose, distributed training
}: 1/15 runes: serpentine
a: Renounce Religion, Curse Item, Shatter the Chains


You were on level 2 of the Depths.
You worshipped Ashenzari.
Ashenzari was extremely pleased with you.
You visited 8 branches of the dungeon, and saw 36 of its levels.
You visited 1 bazaar.

You collected 4241 gold pieces.
You spent 3089 gold pieces at shops.

Inventory:

Hand Weapons
 a - the cursed +6 hand axe of Cremastomancy (weapon) {drain, rPois Str-2 SInv, Evo, Self}
   (You found it on level 3 of the Lair of Beasts)

   A truly terrible weapon, it drains the life of any living foe it strikes.
   Str:       It affects your strength (-2).
   rPois:     It protects you from poison.
   SInv:      It lets you see invisible.
   It has a curse which improves the following skills: Evocations: Evocations.
   Introspection: Fighting and Spellcasting.
 q - a +5 battleaxe
Armour
 b - the cursed +0 chain mail "Chained Paranoia" (worn) {rCorr, Melee, Comp}
   (You bought it in a shop on level 2 of the Orcish Mines)

   rCorr:     It protects you from acid and corrosion.
   It has a curse which improves the following skills: Melee Combat: Short
   Blades, Long Blades, Axes, Maces & Flails, Polearms, Staves and Unarmed
   Combat.
   Companions: Summonings and Necromancy.
 d - the cursed +0 helmet "Unveiling Repose" (worn) {Evo, Cun}
   (You found it on level 1 of the Dungeon)

   It has a curse which improves the following skills: Evocations: Evocations.
   Cunning:   Dodging and Stealth.
 e - the cursed +0 pair of gloves of Ashenzari's Activism (worn) {Melee, Self}
   (You found it on level 1 of the Dungeon)

   It has a curse which improves the following skills: Melee Combat: Short
   Blades, Long Blades, Axes, Maces & Flails, Polearms, Staves and Unarmed
   Combat.
   Introspection: Fighting and Spellcasting.
 j - the +3 faerie dragon scales {Drain rElec rCorr HP+3 SInv}
   (You took it off the Enchantress on level 1 of the Depths)

   rElec:     It insulates you from electricity.
   HP:        It affects your health (+3).
   SInv:      It lets you see invisible.
   rCorr:     It protects you from acid and corrosion.
   Drain:     It drains your maximum health when unequipped.
 C - the cursed +0 kite shield of Desmomancy (worn) {Dex+4 Stlth+, Fort, Bglg}
   (You found it on level 8 of the Dungeon)

   Dex:       It affects your dexterity (+4).
   Stlth:     It makes you more stealthy.
   It has a curse which improves the following skills: Fortitude: Armour and
   Shields.
   Beguiling: Conjurations, Hexes and Translocations.
 K - a +0 pair of boots of stealth
 V - the cursed +0 cloak of the Shackled Yoke (worn) {Self, Bglg}
   (You found it on level 6 of the Lair of Beasts)

   It has a curse which improves the following skills: Introspection: Fighting
   and Spellcasting.
   Beguiling: Conjurations, Hexes and Translocations.
 X - a +0 tower shield of resistance
 Y - the cursed +0 pair of boots "At What Cost Knowledge?" (worn) {Bglg, Comp}
   (You found it on level 11 of the Dungeon)

   It has a curse which improves the following skills: Beguiling: Conjurations,
   Hexes and Translocations.
   Companions: Summonings and Necromancy.
Jewellery
 i - a ring of protection from cold
 m - the cursed amulet "Omniscient Loss" (around neck) {Reflect SH+5, Melee, Self}
   (You found it on level 3 of the Dungeon)

   [amulet of reflection]

   It reflects blocked missile attacks.
   SH:        It affects your SH (+5).
   It has a curse which improves the following skills: Melee Combat: Short
   Blades, Long Blades, Axes, Maces & Flails, Polearms, Staves and Unarmed
   Combat.
   Introspection: Fighting and Spellcasting.
 p - the cursed ring "Oscillating Fan" (right hand) {Str+6, Cun, Self}
   (You found it on level 4 of the Dungeon)

   [ring of strength]

   Str:       It affects your strength (+6).
   It has a curse which improves the following skills: Cunning: Dodging and
   Stealth.
   Introspection: Fighting and Spellcasting.
 E - a +4 ring of slaying (left hand)
 F - a ring of poison resistance
 O - a +4 ring of protection
 P - a +6 ring of strength
Wands
 h - a wand of mindburst (10)
 B - a wand of digging (4)
 D - a wand of flame (63)
 I - a wand of charming (18)
 J - a wand of polymorph (53)
 R - a wand of paralysis (51)
 T - a wand of iceblast (37)
 Z - a wand of acid (24)
Scrolls
 c - 22 scrolls of teleportation
 l - 5 scrolls of enchant weapon
 s - a scroll of magic mapping
 v - a scroll of brand weapon
 w - 3 scrolls of fear
 x - 3 scrolls of fog
 y - 5 scrolls of amnesia
 H - 2 scrolls of blinking
 L - 4 scrolls of enchant armour
 S - 3 scrolls of silence
 W - 4 scrolls of holy word
Potions
 f - 2 potions of resistance
 k - 7 potions of heal wounds
 n - 9 potions of haste
 o - 4 potions of invisibility
 r - 5 potions of berserk rage
 t - a potion of brilliance
 u - 2 potions of mutation
 A - 6 potions of cancellation
 G - 6 potions of might
 M - 4 potions of curing
 Q - a potion of flight
 U - a potion of ambrosia
Miscellaneous
 g - a lightning rod (4/4)
 z - a tin of tremorstones (2/2)
 N - a phantom mirror


   Skills:
 + Level 17.1(24.8) Fighting
 + Level 14.1(19.5) Short Blades
 + Level 14.1(19.5) Long Blades
 + Level 14.1(19.5) Axes
 + Level 14.7(20.1) Maces & Flails
 + Level 14.1(19.5) Polearms
 + Level 14.1(19.5) Staves
 + Level 14.1 Slings
 + Level 14.1 Bows
 + Level 14.1 Crossbows
 + Level 14.3 Throwing
 + Level 14.3(16.9) Armour
 + Level 16.2(20.2) Dodging
 + Level 14.1(18.2) Stealth
 + Level 14.1(16.7) Shields
 + Level 14.9(20.3) Unarmed Combat
 + Level 14.1(21.9) Spellcasting
 + Level 11.9(17.4) Conjurations
 + Level 11.9(17.4) Hexes
 + Level 11.9(16.1) Summonings
 + Level 11.9(16.1) Necromancy
 + Level 11.9(17.4) Translocations
 + Level 11.9 Transmutations
 + Level 11.9 Fire Magic
 + Level 11.9 Ice Magic
 + Level 11.9 Air Magic
 + Level 11.9 Earth Magic
 + Level 11.9 Poison Magic
 + Level 15.2 Invocations
 + Level 14.3(18.4) Evocations


You had one spell level left.
You knew the following spells:

 Your Spells              Type           Power      Damage    Failure   Level
a - Shock                 Conj/Air       100%       1d9       1%          1
b - Vampiric Draining     Necr           57%        2d10      1%          3
c - Swiftness             Air            48%        N/A       1%          3
d - Fulminant Prism       Conj/Hex       29%        3d14      1%          4
e - Spellforged Servitor  Conj/Summ      29%        N/A       13%         7
f - Summon Lightning Spi  Summ/Air       53%        N/A       1%          4
g - Summon Forest         Summ/Tloc      29%        N/A       1%          5
h - Eringya's Noxious Bo  Tmut/Pois      24%        N/A       17%         6
i - Agony                 Necr           57%        N/A       1%          5
j - Death Channel         Necr           28%        N/A       3%          6
k - Summon Hydra          Summ           28%        N/A       17%         7
l - Summon Cactus Giant   Summ           28%        N/A       3%          6
m - Passage of Golubria   Tloc           59%        N/A       1%          4

Your spell library contained the following spells:

 Spells                   Type           Power      Damage    Failure   Level
 Slow                     Hex            100%       N/A       0%          1
 Animate Skeleton         Necr           100%       N/A       1%          1
 Beastly Appendage        Tmut           96%        N/A       1%          1
 Pain                     Necr           100%       1d9       1%          1
 Call Imp                 Summ           57%        N/A       1%          2
 Corpse Rot               Necr/Air       100%       N/A       1%          2
 Passwall                 Tmut/Erth      40%        N/A       1%          2
 Static Discharge         Conj/Air       54%        N/A       1%          2
 Wereblood                Tmut           48%        N/A       1%          2
 Confusing Touch          Hex            59%        N/A       1%          3
 Lesser Beckoning         Tloc           59%        N/A       1%          3
 Spider Form              Tmut/Pois      48%        N/A       1%          3
 Airstrike                Air            24%        N/A       1%          4
 Animate Armour           Summ/Erth      100%       N/A       1%          4
 Dispel Undead            Necr           57%        3d20      1%          4
 Iskenderun's Mystic Bla  Conj/Tloc      59%        2d12      1%          4
 Leda's Liquefaction      Hex/Erth       27%        N/A       1%          4
 Olgreb's Toxic Radiance  Pois           48%        N/A       1%          4
 Petrify                  Tmut/Erth      48%        N/A       1%          4
 Sticky Flame             Conj/Fire      54%        2d7       1%          4
 Excruciating Wounds      Necr           28%        N/A       1%          5
 Lightning Bolt           Conj/Air       27%        1d43      1%          5
 Metabolic Englaciation   Hex/Ice        27%        N/A       1%          5
 Yara's Violent Unravell  Hex/Tmut       27%        3d12      1%          5
 Lee's Rapid Deconstruct  Erth           24%        3d14*     3%          5
 Conjure Ball Lightning   Conj/Air       27%        3x3d8     5%          6
 Statue Form              Tmut/Erth      32%        N/A       17%         6
 Discord                  Hex            29%        N/A       61%         8
 Disjunction              Tloc           29%        N/A       61%         8
 Ozocubu's Refrigeration  Ice            24%        4d9       67%         7
 Storm Form               Tmut/Air       24%        N/A       67%         7
 Ignition                 Fire           24%        3d8       100%        8
 Maxwell's Capacitive Co  Air            24%        ∞         100%        8


Dungeon Overview and Level Annotations

Branches:
Dungeon (15/15)            Temple (1/1) D:4            Lair (6/6) D:8
 Shoals (0/4) Lair:4        Snake (4/4) Lair:3        Slime (0/5) Lair:6
    Orc (2/2) D:12            Elf (2/3) Orc:2        Vaults (4/5) D:14
  Crypt (0/3) Vaults:2     Depths (2/4) D:15

Altars:
Ashenzari
Cheibriados
Elyvilon
Gozag
Hepliaklqana
Kikubaaqudgha
Makhleb
Nemelex Xobeh
Okawaru
Sif Muna
Trog
Vehumet
Wu Jian
Yredelemnul
Beogh

Shops:
D:4 *=!   Orc:2 (=*[   Snake:3 *   Snake:4 :==   Vaults:2 !   Vaults:3 [
Depths:1 [

Portals:
Hell: Depths:1
Pandemonium: Depths:1
Ziggurat: Depths:2

Annotations:
D:2 Terence
Snake:2 Vashnia
Snake:3 exclusion: ice statue


Innate Abilities, Weirdness & Mutations

You have very sharp teeth.
Your uncanny sense of smell can sniff out nearby items.
Your experience applies equally to all skills.


Message History

You slash the frost giant!
You kill the frost giant!
A glowing mist starts to gather...
You see here a +2 battleaxe of freezing.
Space becomes stable.
Key pressed, stopping explore.
Your unholy channel is weakening.
Your unholy channel expires.
Your spectral frost giant fades into mist!
Your spectral stone giant fades into mist!
An ice dragon comes into view.
An ice dragon is nearby!
An ice dragon is nearby!
An ice dragon is nearby!
The ice dragon roars deafeningly!
You see here a +2 battleaxe of freezing.
The ice dragon breathes frost at you. The blast of cold hits you!!!
A spriggan air mage comes into view.
The spriggan air mage shouts!
Casting: Death Channel (mildly dangerous; 3% risk of failure)
Confirm with . or Enter, or press ? or * to list all spells.
A forested plane collides here with a resounding crunch!
Your dryad calls out to the forest.
The forest starts to sway and rumble!
Casting: Summon Forest (mildly dangerous; 1% risk of failure)
Confirm with . or Enter, or press ? or * to list all spells.
A root lunges up near the spriggan air mage.
The ice dragon breathes frost at you. The blast of cold hits you.
The spriggan air mage waves its arms in wide circles.
The air twists around and strikes you!!
* * * LOW HITPOINT WARNING * * *
Your cactus giant hits the ice dragon with a +0 giant spiked club!
There is an open door, spattered with blood here.
Your dryad hits the ice dragon but does no damage.
The spriggan air mage casts a spell at you.
The bolt of lightning hits your cactus giant!
The bolt of lightning hits your dryad!! The bolt of lightning hits you!!!
You die...

#....≈≈§....##.#.. ,∆, , *
#...§≈∩§≈...♣#.###. * *.# *
#....≈≈≈....##'##♣+♣♣♣#♣'♣###,
#...))≈§...†....#...........#
#....)..........#!........♣.#, *
#..<.....§.[....#...i.......+,,
#.......(.......♣♣RC..≈≈≈...#,*,
#............♣..'...(≈≈≈≈...#, ,
#...........(..@#.D..)≈≈≈..?# *
#..............<#....≈.≈≈...#, ,
#...............#..♣.≈≈≈≈...# *,
#...............#..♣......♣.#{*
#.......>.......♣.....♣...).#{*
* ............>.#....♣......#
,..........♣...♣...........#{
..............#...........# , *
,, , , ∩,,,*, ,, ,,,*


You could see an ice dragon, a spriggan air mage (repels missiles, ally target),
a friendly dryad (summoned) and a friendly cactus giant (summoned).

Vanquished Creatures
  Gastronok (D:10)
  A sphinx (Vaults:1)
  A tengu reaver (Depths:1)
  A nagaraja (Snake:4)
  15 nameless horrors
  2 orc warlords (Vaults:4)
  A frost giant (Depths:2)
  8 vault wardens
  5 ironbound preservers
  2 spriggan defenders (Depths:1)
  A war gargoyle (Vaults:4)
  2 stone giants (Depths:2)
  7 very ugly things
  2 dire elephants
  3 spark wasps (Depths:1)
  Snorg (D:12)
  A merfolk javelineer (Depths:1)
  2 crystal guardians (Depths:1)
  A deep elf high priest (Vaults:1)
  4 yaktaur captains
  4 naga warriors
  A salamander tyrant (Snake:4)
  4 vault guards
  4 ironbound thunderhulks
  A quicksilver dragon skeleton (Vaults:4)
  An ogre mage (D:15)
  9 anacondas
  A merfolk avatar (Lair:6)
  7 ironbound frosthearts
  2 boulder beetles
  9 hydras
  A catoblepas (Lair:2)
  8 two-headed ogres
  8 dancing weapons
  6 centaur warriors
  A death yak (Lair:6)
  A tengu warrior (Depths:1)
  A vampire mage (D:15)
  A spriggan berserker (Depths:1)
  4 orc high priests
  A titan zombie (D:15)
  5 naga sharpshooters
  5 deep elf knights
  8 shock serpents
  A skeletal warrior (D:15)
  A salamander mystic (Depths:2)
  21 deep trolls
  A golden dragon skeleton (D:15)
  A glowing orange brain (Vaults:1)
  A deep elf archer (Elf:2)
  A tengu zombie (D:15)
  An orange crystal statue (Depths:1)
  A lindwurm (Vaults:4)
  3 ironbound convokers
  3 wizards
  12 deep elf zephyrmancers
  2 necromancers
  A harpy (Lair:6)
  9 orc knights
  3 mana vipers
  11 deep elf pyromancers
  5 orc sorcerers
  4 manticores
  3 salamanders
  22 ugly things
  A frost giant zombie (D:15)
  5 cyclopes
  26 black mambas
  5 elephants
  3 naga magi
  2 merfolk sirens (Lair:4)
  14 cane toads
  2 vault sentinels (Vaults:1)
  An unseen horror (shapeshifter) (Vaults:4)
  A kobold demonologist (D:11)
  6 rime drakes
  An unseen horror (D:10)
  An efreet (D:14)
  A yaktaur (shapeshifter) (D:14)
  8 komodo dragons
  18 yaktaurs
  A guardian mummy (D:15)
  7 trolls
  2 tengu conjurers (D:14)
  A wind drake (Lair:6)
  2 merfolk (Lair:4)
  Prince Ribbit (D:7)
  4 hornets
  19 blink frogs
  7 dream sheep
  12 slime creatures
  An air elemental (Elf:2)
  A shadow (D:9)
  A spriggan (Depths:1)
  Sigmund (D:4)
  A vampire (D:12)
  10 water elementals
  35 yaks
  4 wyverns
  5 fire elementals
  9 vampire mosquitoes
  9 basilisks
  A steam dragon (Lair:6)
  18 nagas
  20 orc warriors
  15 water moccasins
  2 ice beasts
  A black bear (D:8)
  A necrophage (D:4)
  8 wolves
  7 ogres
  7 centaurs
  10 bullfrogs
  A kobold brigand (D:9)
  An earth elemental (Elf:1)
  A gnoll sergeant (D:9)
  A wyvern zombie (D:8)
  2 scorpions
  A water moccasin skeleton (D:6)
  9 wights
  2 howler monkeys
  A crimson imp (D:5)
  A lava snake (D:9)
  14 jellies
  A bullfrog zombie (D:6)
  2 centaur zombies
  7 orc priests
  A hound (D:7)
  A bullfrog skeleton (D:5)
  7 orc wizards
  An iguana (D:6)
  7 hell rats (Lair:5)
  A killer bee zombie (D:7)
  A hound skeleton (D:4)
  A howler monkey zombie (D:10)
  8 gnolls
  8 adders
  A shadow imp (D:7)
  2 white imps
  2 ufetubi (D:4)
  A worm (D:3)
  6 dart slugs
  30 orcs
  7 endoplasms
  4 giant cockroaches
  7 goblins
  7 hobgoblins
  2 jackals (D:3)
  5 quokkas
  9 ball pythons
  2 frilled lizards (D:3)
  15 kobolds
  5 rats
  A fulminant prism (Lair:4)
765 creatures vanquished.

Vanquished Creatures (collateral kills)
  the Enchantress (Depths:1)
  4 nagarajas (Snake:4)
  2 vault wardens (Vaults:2)
  An orc warlord (Orc:1)
  A deep elf sorcerer (Elf:1)
  4 very ugly things (Vaults:3)
  10 ironbound preservers
  A spriggan defender (Depths:1)
  A stone giant (Depths:1)
  Nessos (D:12)
  An entropy weaver (Vaults:2)
  A deep elf annihilator (Vaults:3)
  6 dire elephants
  A spark wasp (Depths:1)
  2 crystal guardians (Depths:1)
  A fire dragon (Depths:1)
  6 yaktaur captains
  6 ironbound thunderhulks
  A great orb of eyes (Vaults:3)
  4 naga warriors
  2 salamander tyrants
  2 boulder beetles (D:15)
  A rakshasa (Depths:1)
  A spriggan air mage (Depths:1)
  5 ironbound frosthearts
  3 centaur warriors (Vaults:2)
  A tengu warrior (D:14)
  4 dancing weapons
  A two-headed ogre (D:12)
  5 death yaks (Lair:6)
  3 deep troll shamans (Depths:1)
  6 anacondas
  6 deep troll earth magi
  9 naga sharpshooters
  A vampire mage (Depths:1)
  A shock serpent (Snake:1)
  5 iron trolls (Depths:1)
  5 deep elf knights
  2 salamander mystics
  28 deep trolls
  3 lindwurms
  7 ironbound convokers
  A deep elf archer (Elf:1)
  7 deep elf pyromancers
  5 naga ritualists
  4 wizards
  2 harpies (Lair:6)
  2 necromancers (Vaults:3)
  7 deep elf zephyrmancers (Elf:1)
  3 mana vipers
  A phantasmal warrior (Vaults:1)
  3 orc knights (Vaults:4)
  6 ugly things
  8 salamanders
  A cyclops (D:14)
  An elephant (Lair:6)
  6 naga magi
  5 guardian serpents
  7 black mambas
  A cane toad (Lair:6)
  13 vault sentinels
  A gargoyle (D:11)
  14 yaktaurs
  An efreet (D:14)
  2 trolls
  A polar bear (Lair:6)
  A hornet (Depths:1)
  A wolf spider simulacrum (D:14)
  An ettin zombie (Vaults:4)
  2 snapping turtles (Lair:6)
  13 slime creatures
  An ettin skeleton (Vaults:4)
  2 spriggans (Depths:1)
  A tarantella (Vaults:2)
  2 water elementals
  2 redbacks (Vaults:2)
  8 yaks
  3 basilisks
  2 vampire mosquitoes (D:13)
  2 wargs (Orc:2)
  16 nagas
  A water moccasin (Lair:6)
  11 orc warriors
  A black bear (shapeshifter) (Depths:2)
  A human zombie (Vaults:4)
  2 ogres (Orc:2)
  2 wolves (Lair:6)
  5 centaurs
  8 nameless horrors
  A gnoll sergeant (D:13)
  2 howler monkeys (D:12)
  A jelly (Lair:6)
  6 orc priests
  2 orc wizards
  3 gnolls (D:13)
  2 orcs (Orc:2)
363 creatures vanquished.

Vanquished Creatures (others)
  Aizul (Snake:3)
  An anaconda (Snake:4)
  A naga warrior (Snake:4)
  A deep elf knight (Elf:1)
  2 wizards
  A guardian serpent (Snake:2)
  A naga (Snake:3)
  53 fulminant prisms
  71 fungi
  95 plants
  22 snaplasher vines
  15 withered plants (D:15)
264 creatures vanquished.

Grand Total: 1392 creatures vanquished

Notes
Turn   | Place    | Note
-------+----------+-------------------------------------------
     0 | D:1      | Reached skill level 10 in Fighting
     0 | D:1      | Rennog the Gnoll Wanderer began the quest for the Orb.
     0 | D:1      | Rennog set off with the following items: a +2 mace, a +0
                  | ring mail, a scroll of teleportation
     0 | D:1      | Reached XP level 1. HP: 29/29 MP: 1/1
   281 | D:1      | Reached XP level 2. HP: 35/36 MP: 2/2
   494 | D:1      | Found a faded altar of an unknown god.
   514 | D:1      | Prayed at the altar of an unknown god.
   514 | D:1      | Became a worshipper of Ashenzari the Shackled
   653 | D:1      | Reached XP level 3. HP: 33/42 MP: 3/3
  1132 | D:2      | Reached * piety under Ashenzari
  1182 | D:2      | Reached skill level 1 in Invocations
  1311 | D:2      | Noticed Terence
  1548 | D:3      | Found a shimmering blue altar of Sif Muna.
  1577 | D:2      | Reached skill level 1 in Short Blades
  1577 | D:2      | Reached skill level 1 in Long Blades
  1577 | D:2      | Reached skill level 1 in Axes
  1577 | D:2      | Reached skill level 1 in Polearms
  1577 | D:2      | Reached skill level 1 in Staves
  1577 | D:2      | Reached skill level 1 in Slings
  1577 | D:2      | Reached skill level 1 in Bows
  1577 | D:2      | Reached skill level 1 in Crossbows
  1577 | D:2      | Reached skill level 1 in Dodging
  1577 | D:2      | Reached skill level 1 in Stealth
  1577 | D:2      | Reached skill level 1 in Shields
  1577 | D:2      | Reached skill level 1 in Unarmed Combat
  1577 | D:2      | Reached skill level 1 in Spellcasting
  1577 | D:2      | Reached XP level 4. HP: 25/50 MP: 6/6
  1948 | D:3      | Reached skill level 1 in Conjurations
  1948 | D:3      | Reached skill level 1 in Hexes
  1948 | D:3      | Reached skill level 1 in Summonings
  1948 | D:3      | Reached skill level 1 in Necromancy
  1948 | D:3      | Reached skill level 1 in Translocations
  1948 | D:3      | Reached skill level 1 in Transmutations
  1948 | D:3      | Reached skill level 1 in Fire Magic
  1948 | D:3      | Reached skill level 1 in Ice Magic
  1948 | D:3      | Reached skill level 1 in Air Magic
  1948 | D:3      | Reached skill level 1 in Earth Magic
  1948 | D:3      | Reached skill level 1 in Poison Magic
  2151 | D:3      | Reached ** piety under Ashenzari
  2536 | D:3      | Reached XP level 5. HP: 57/57 MP: 8/8
  3200 | D:4      | Found Osassulu's Distillery.
  3214 | D:4      | Bought a potion of heal wounds for 60 gold pieces
  3227 | D:4      | Found Wynapoad's Jewellery Shop.
  3228 | D:4      | Noticed Sigmund
  3243 | D:4      | Killed Sigmund
  3244 | D:4      | Reached skill level 5 in Maces & Flails
  3244 | D:4      | Reached XP level 6. HP: 55/64 MP: 10/10
  3286 | D:4      | Reached XP level 7. HP: 33/70 MP: 10/12
  3564 | D:4      | Found Kirut's Serpentskin Sales.
  3989 | D:4      | Found a broken altar of Ashenzari.
  4090 | D:4      | Found a staircase to the Ecumenical Temple.
  4266 | Temple   | Entered the Ecumenical Temple
  4278 | D:5      | Entered Level 5 of the Dungeon
  4282 | D:5      | Found an ancient bone altar of Kikubaaqudgha.
  4319 | D:5      | Noticed a yak
  4320 | D:5      | Noticed a yak
  4406 | D:5      | Identified the +1 robe of the Arena {rElec Str-3 Stlth+}
  4535 | D:5      | Reached XP level 8. HP: 50/76 MP: 14/14
  4535 | D:5      | Reached *** piety under Ashenzari
  4673 | D:5      | Found a burning altar of Makhleb.
  4674 | D:5      | Found a radiant altar of Vehumet.
  4747 | D:5      | Found a white marble altar of Elyvilon.
  4757 | D:5      | Learned a level 1 spell: Shock
  4806 | D:5      | Noticed a yak
  4806 | D:5      | Noticed a yak
  4851 | D:4      | Killed a yak
  5027 | D:4      | Killed a yak
  5281 | D:4      | Killed a yak
  5282 | D:4      | Reached skill level 11 in Fighting
  5301 | D:4      | Killed a yak
  5516 | D:5      | Found an iron altar of Okawaru.
  5572 | D:5      | Reached XP level 9. HP: 87/87 MP: 18/18
  6133 | D:6      | Found a sparkling altar of Nemelex Xobeh.
  6354 | D:6      | Reached skill level 5 in Throwing
  6354 | D:6      | Reached skill level 5 in Armour
  6354 | D:6      | Reached skill level 5 in Evocations
  6369 | D:6      | Found a bloodstained altar of Trog.
  6370 | D:6      | Noticed a wizard
  6376 | D:6      | Killed a wizard
  6901 | D:6      | Reached skill level 5 in Invocations
  7198 | D:7      | Noticed a troll
  7225 | D:7      | Killed a troll
  7226 | D:7      | Reached XP level 10. HP: 34/95 MP: 21/21
  7620 | D:7      | Noticed Prince Ribbit
  7628 | D:7      | Killed Prince Ribbit
  7629 | D:7      | Reached skill level 5 in Short Blades
  7629 | D:7      | Reached skill level 5 in Long Blades
  7629 | D:7      | Reached skill level 5 in Axes
  7629 | D:7      | Reached skill level 5 in Polearms
  7629 | D:7      | Reached skill level 5 in Staves
  7629 | D:7      | Reached skill level 5 in Slings
  7629 | D:7      | Reached skill level 5 in Bows
  7629 | D:7      | Reached skill level 5 in Crossbows
  7629 | D:7      | Reached skill level 5 in Dodging
  7629 | D:7      | Reached skill level 5 in Stealth
  7629 | D:7      | Reached skill level 5 in Shields
  7629 | D:7      | Reached skill level 5 in Unarmed Combat
  7629 | D:7      | Reached skill level 5 in Spellcasting
  8200 | D:7      | Noticed a two-headed ogre
  8277 | D:8      | HP: 3/95 [basilisk (5)]
  8782 | D:8      | Learned a level 3 spell: Vampiric Draining
  8784 | D:8      | Noticed a two-headed ogre
 10252 | D:8      | Found a staircase to the Lair.
 10478 | D:8      | Identified the +0 kite shield "Duyliogu" {Dex+4 Stlth+}
 11215 | D:9      | Found a snail-covered altar of Cheibriados.
 11454 | D:10     | Entered Level 10 of the Dungeon
 11490 | D:10     | Reached XP level 11. HP: 101/101 MP: 23/23
 11502 | D:10     | Found an opulent altar of Gozag.
 11539 | D:10     | Noticed Gastronok
 11613 | Lair:1   | Entered Level 1 of the Lair of Beasts
 11763 | Lair:1   | Reached skill level 12 in Fighting
 11832 | Lair:1   | Noticed a seven-headed hydra
 11850 | Lair:1   | Killed a seven-headed hydra
 11851 | Lair:1   | Reached skill level 5 in Conjurations
 11851 | Lair:1   | Reached skill level 5 in Hexes
 11851 | Lair:1   | Reached skill level 5 in Summonings
 11851 | Lair:1   | Reached skill level 5 in Necromancy
 11851 | Lair:1   | Reached skill level 5 in Translocations
 11851 | Lair:1   | Reached skill level 5 in Transmutations
 11851 | Lair:1   | Reached skill level 5 in Fire Magic
 11851 | Lair:1   | Reached skill level 5 in Ice Magic
 11851 | Lair:1   | Reached skill level 5 in Air Magic
 11851 | Lair:1   | Reached skill level 5 in Earth Magic
 11851 | Lair:1   | Reached skill level 5 in Poison Magic
 14519 | Lair:2   | Noticed a six-headed hydra
 14538 | Lair:2   | Killed a six-headed hydra
 15150 | Lair:2   | Reached XP level 12. HP: 80/110 MP: 6/25
 15265 | Lair:2   | Noticed a boulder beetle
 15288 | Lair:2   | Killed a boulder beetle
 15734 | Lair:2   | Noticed a catoblepas
 15758 | Lair:2   | Killed a catoblepas
 16095 | Lair:2   | Learned a level 3 spell: Swiftness
 16553 | Lair:2   | Reached **** piety under Ashenzari
 16790 | Lair:3   | Noticed a four-headed hydra
 16809 | Lair:2   | Killed a four-headed hydra
 17042 | Lair:3   | Found a staircase to the Snake Pit.
 17362 | Lair:3   | Identified the +6 hand axe "Duvvogrezok" {drain, rPois
                  | Str-2 SInv}
 18587 | Lair:4   | Learned a level 4 spell: Fulminant Prism
 18592 | Lair:4   | Learned a level 4 spell: Dispel Undead
 19680 | Lair:4   | Found a staircase to the Shoals.
 20091 | Lair:5   | Noticed a six-headed hydra
 20109 | Lair:5   | Killed a six-headed hydra
 20110 | Lair:5   | Reached XP level 13. HP: 104/121 MP: 8/29
 20421 | Lair:5   | Reached skill level 13 in Fighting
 21379 | Lair:6   | Entered Level 6 of the Lair of Beasts
 22456 | Lair:6   | Found a staircase to the Slime Pits.
 22652 | Lair:6   | Learned a level 4 spell: Summon Lightning Spire
 23643 | D:10     | Killed Gastronok
 24203 | D:10     | Learned a level 5 spell: Summon Forest
 24231 | D:11     | Reached skill level 10 in Maces & Flails
 24238 | D:11     | Reached XP level 14. HP: 122/130 MP: 14/31
 24633 | D:11     | Found a snail-covered altar of Cheibriados.
 24896 | D:12     | Reached ***** piety under Ashenzari
 25055 | D:12     | Noticed Nessos
 25343 | D:12     | Found a staircase to the Orcish Mines.
 25365 | D:12     | Identified the +1 demon trident "Fygocrud" {freeze, rC+
                  | rN+}
 25385 | D:12     | Noticed Snorg
 25396 | D:12     | Killed Snorg
 25607 | D:12     | Killed Nessos
 25608 | D:12     | Reached skill level 10 in Invocations
 26347 | D:13     | Learned a level 5 spell: Excruciating Wounds
 26353 | D:13     | Learned a level 5 spell: Agony
 27442 | D:14     | Noticed an ironbound preserver
 27457 | D:14     | Reached skill level 10 in Throwing
 27457 | D:14     | Reached skill level 10 in Armour
 27457 | D:14     | Reached skill level 10 in Evocations
 27466 | D:14     | Killed an ironbound preserver
 27751 | D:14     | Found a gate to the Vaults.
 27769 | D:14     | Identified the +1 leather armour "Evito" {rN++}
 28188 | D:15     | Entered Level 15 of the Dungeon
 28255 | D:15     | Noticed an azure jelly
 28268 | D:15     | HP: 1/136 [azure jelly (43)]
 28320 | D:15     | Reached skill level 14 in Fighting
 28751 | D:15     | Paralysed by an ogre mage for 5 turns
 28758 | D:15     | Reached XP level 15. HP: 128/143 MP: 32/35
 29414 | D:15     | Learned a level 6 spell: Death Channel
 29433 | D:15     | Found a staircase to the Depths.
 29438 | D:15     | Identified the +1 robe of Guyn {Rampage rC- Regen+}
 29462 | D:15     | Reached skill level 10 in Short Blades
 29462 | D:15     | Reached skill level 10 in Long Blades
 29462 | D:15     | Reached skill level 10 in Axes
 29462 | D:15     | Reached skill level 10 in Polearms
 29462 | D:15     | Reached skill level 10 in Staves
 29462 | D:15     | Reached skill level 10 in Slings
 29462 | D:15     | Reached skill level 10 in Bows
 29462 | D:15     | Reached skill level 10 in Crossbows
 29462 | D:15     | Reached skill level 10 in Dodging
 29462 | D:15     | Reached skill level 10 in Stealth
 29462 | D:15     | Reached skill level 10 in Shields
 29462 | D:15     | Reached skill level 10 in Unarmed Combat
 29462 | D:15     | Reached skill level 10 in Spellcasting
 29908 | Orc:1    | Entered Level 1 of the Orcish Mines
 30126 | Orc:2    | Entered Level 2 of the Orcish Mines
 30149 | Orc:2    | Noticed an orc warlord
 30364 | Orc:1    | Killed an orc warlord
 30587 | Orc:2    | Paralysed by an orc sorcerer for 3 turns
 30780 | Orc:2    | Found Gaxeleys's Jewellery Shoppe.
 30909 | Orc:2    | Found Fomauc's General Store.
 30956 | Orc:2    | Found Anned's Antique Armour Boutique.
 31106 | Orc:2    | Found a staircase to the Elven Halls.
 31192 | Orc:2    | Found Cinel's Antique Weapon Shop.
 31200 | Orc:2    | Bought a transparent whip for 225 gold pieces
 31200 | Orc:2    | Identified the +6 whip of Drought {distort, SInv} (You
                  | bought it in a shop on level 2 of the Orcish Mines)
 32841 | Lair:6   | Identified the +1 ring mail of Negation {Regen+}
 33292 | Lair:6   | Reached ****** piety under Ashenzari
 33381 | Lair:6   | Reached XP level 16. HP: 142/157 MP: 39/39
 33565 | Snake:1  | Entered Level 1 of the Snake Pit
 35612 | Snake:2  | Noticed Vashnia
 36894 | Snake:3  | Noticed Aizul
 36927 | Snake:3  | Killed Aizul
 37082 | Snake:3  | Learned a level 7 spell: Summon Hydra
 37310 | Snake:3  | Found Moakkin's General Store.
 37540 | Snake:3  | Reached skill level 15 in Fighting
 37965 | Snake:4  | Entered Level 4 of the Snake Pit
 38000 | Snake:4  | Noticed a nagaraja
 38046 | Snake:4  | Noticed a nagaraja
 38189 | Snake:4  | Killed a nagaraja
 38487 | Snake:4  | Reached XP level 17. HP: 165/165 MP: 6/41
 38730 | Snake:4  | Found Upimp's Jewellery Shoppe.
 38781 | Snake:4  | Found Nurcho's Book Boutique.
 38782 | Snake:4  | Found Zahefefau's Jewellery Shoppe.
 38790 | Snake:4  | Bought the Almanac of Companions for 544 gold pieces
 38790 | Snake:4  | Bought a manual of Dodging for 1280 gold pieces
 38797 | Snake:4  | Learned a level 6 spell: Summon Cactus Giant
 40024 | Snake:4  | Got a serpentine rune of Zot
 40382 | Elf:1    | Entered Level 1 of the Elven Halls
 40404 | Elf:1    | Reached skill level 10 in Conjurations
 40404 | Elf:1    | Reached skill level 10 in Hexes
 40404 | Elf:1    | Reached skill level 10 in Summonings
 40404 | Elf:1    | Reached skill level 10 in Necromancy
 40404 | Elf:1    | Reached skill level 10 in Translocations
 40404 | Elf:1    | Reached skill level 10 in Transmutations
 40404 | Elf:1    | Reached skill level 10 in Fire Magic
 40404 | Elf:1    | Reached skill level 10 in Ice Magic
 40404 | Elf:1    | Reached skill level 10 in Air Magic
 40404 | Elf:1    | Reached skill level 10 in Earth Magic
 40404 | Elf:1    | Reached skill level 10 in Poison Magic
 40607 | Elf:1    | Identified the Disquisition on Slavery
 40816 | Elf:1    | Found a flickering gateway to a bazaar.
 40848 | Bazaar   | Entered a bazaar
 40918 | Bazaar   | Found Lutis's Magic Scroll Emporium.
 40940 | Bazaar   | Found Detepez's Magic Scroll Emporium.
 40943 | Bazaar   | Found Osirch's Antique Weapon Boutique.
 40992 | Bazaar   | Bought 3 scrolls of amnesia for 94 gold pieces
 40992 | Bazaar   | Bought 2 scrolls of teleportation for 54 gold pieces
 40992 | Bazaar   | Bought a scroll of teleportation for 27 gold pieces
 41020 | Bazaar   | Bought 2 scrolls of teleportation for 90 gold pieces
 41020 | Bazaar   | Bought a scroll of teleportation for 45 gold pieces
 41020 | Bazaar   | Bought a scroll of teleportation for 45 gold pieces
 41020 | Bazaar   | Bought a scroll of teleportation for 45 gold pieces
 42113 | Orc:2    | Bought a dazzling chain mail for 313 gold pieces
 42113 | Orc:2    | Identified the +0 chain mail of Lugonu's Approval {rCorr}
                  | (You bought it in a shop on level 2 of the Orcish Mines)
 42582 | Elf:2    | Reached XP level 18. HP: 125/171 MP: 1/41
 43290 | Elf:2    | Found a runed translucent gate.
 43290 | Elf:2    | Found a runed translucent gate.
 43291 | Elf:2    | Found a runed translucent gate.
 44135 | Vaults:1 | Entered Level 1 of the Vaults
 46786 | Vaults:1 | Reached skill level 16 in Fighting
 46889 | Vaults:1 | Upgraded the game from 0.28-a0-851-g8b9cc49659 to
                  | 0.28-a0-861-ge64d6db94f
 47432 | Vaults:2 | Found Coheb's Distillery.
 47621 | Vaults:2 | Found a basalt altar of Yredelemnul.
 47631 | Vaults:2 | Found a staircase to the Crypt.
 47634 | Vaults:2 | Found an ancient bone altar of Kikubaaqudgha.
 48017 | Vaults:2 | Reached XP level 19. HP: 181/182 MP: 10/44
 49444 | Vaults:3 | Found Riepuo Niol's Antique Armour Boutique.
 49456 | Vaults:3 | Bought a dull robe for 267 gold pieces
 49456 | Vaults:3 | Identified the +0 robe "Lisous" {rN+ rCorr} (You bought it
                  | in a shop on level 3 of the Vaults)
 51316 | Vaults:3 | Reached skill level 15 in Dodging
 52087 | Vaults:3 | Learned a level 6 spell: Eringya's Noxious Bog
 52156 | Vaults:4 | Upgraded the game from 0.28-a0-861-ge64d6db94f to
                  | 0.28-a0-863-g8cecda6153
 52778 | Vaults:4 | Reached XP level 20. HP: 189/189 MP: 11/45
 55546 | Depths:1 | Entered Level 1 of the Depths
 55572 | Depths:1 | Found a gateway to Hell.
 55588 | Depths:1 | Reached skill level 15 in Invocations
 55870 | Depths:1 | Found a one-way gate leading to the halls of Pandemonium.
 56028 | Depths:1 | Reached skill level 17 in Fighting
 56548 | Depths:1 | Found Viessuyh's Armour Boutique.
 56895 | Depths:1 | Noticed the Enchantress
 56930 | Depths:1 | Killed the Enchantress
 57313 | Depths:1 | Found a runed translucent door.
 57316 | Depths:1 | Identified the Reference Book on the Hurtful Voyage
 58636 | Depths:1 | Learned a level 4 spell: Passage of Golubria
 58645 | Depths:1 | Learned a level 7 spell: Spellforged Servitor
 58697 | Depths:2 | Found a gateway to a ziggurat.
 58975 | Depths:2 | Killed from afar by a spriggan air mage

Illustrated notes

Levels and vault maps discovered:
D:1:      minmay_arrival_checkered_box, layout_loops_ring,
          hellmonk_ecumenical_altar_run_dry
D:2:      layout_basic, kennysheep_minor_cross, uniq_terence
D:3:      layout_basic, mainiacjoe_overflow_brackets, minmay_misc_feat_roman,
          minmay_misc_feat_diagonals, amcnicky_mini_corridor_feature,
          corexii_leaking_fountain
D:4:      layout_basic, mainiacjoe_overflow_paths,
          minmay_temple_entry_gardened_gates, serial_shops,
          nicolae_shop_statue_plus, minmay_shop_enchanted_jewellery,
          guppyfry_shop_venom, uniq_sigmund
D:5:      layout_basic, grunt_temple_overflow_lords_of_destruction,
          amcnicky_altar_gilded, okawaru_metal_pillars_3,
          nicolae_elyvilon_peaceful_grove
D:6:      layout_loops_cross, trog_wizard, general_overflow_altar, ldierk_geyser
D:7:      minmay_slanted_spiral_squares, layout_rooms, minitemple,
          uniq_prince_ribbit1
D:8:      layout_basic, david_lair_generic
D:9:      layout_basic, kennysheep_flooded_box
D:10:     layout_small_grid, grunt_gozag_breadcrumbs, uniq_gastronok
D:11:     layout_basic, grunt_ministairs_1, cheibriados_altar_1
D:12:     layout_irregular_city, orc_0_dummy, uniq_snorg, uniq_nessos
D:13:     layout_basic
D:14:     layout_basic, skrybe_vaults_entry_preservation, glass_columns_b
D:15:     gammafunk_depths_entry_grave, layout_basic, minmay_misc_feat_hallway,
          portal_ice_cave_entry_horrid_things
Temple:   compressed_dpeg_triangle_lava_temple
Lair:1:   layout_cave_pods, minmay_holes, patterned_corridor
Lair:2:   layout_roguey, grunt_megastairs_3
Lair:3:   layout_small_grid, minmay_snake_entry_guardpost_small,
          infiniplex_staircase_pool_2
Lair:4:   layout_regular_city, elwin_shoals_entry_stream
Lair:5:   layout_long_grid, hibernation_bobbens
Lair:6:   gammafunk_lair_ancient_temple, layout_long_grid,
          minmay_slime_entry_jelly_boxes
Snake:1:  layout_layer_cave, nicolae_snake_storage_room
Snake:2:  layout_rooms, grunt_ministairs_11, nrook_guardian_serpent_ordinary,
          grunt_megastairs_4, uniq_vashnia
Snake:3:  layout_basic, serial_shops, shop, dpeg_stationary_puzzle, uniq_aizul
Snake:4:  grunt_snake_rune_serpentine_throne, layout_onion_interference,
          nicolae_snake_gridmaze_squiggle, minmay_shop_grove
Orc:1:    layout_caves, basic_altar
Orc:2:    grunt_orc_gardens, layout_diamond_mine, grunt_orc_garden,
          grunt_orc_garden, grunt_orc_garden, grunt_orc_garden, special_room
Elf:1:    eino_elf_arrival_the_gate, layout_gridlike, serial_shops,
          bzr_firewalk, minmay_elf_demonology, nicolae_elf_deep_friendship
Elf:2:    elven_hall_of_blades_hangedman_original [nicolae_blade_bullseye],
          layout_onion_city
Vaults:1: nicolae_vaults_shelves_hall, hangedman_vaults_corner_blocks,
          nicolae_vaults_border_crossing, ontoclasm_vaults_pinch,
          ontoclasm_vaults_shout, nicolae_vaults_what_the_h, v_misc_12,
          vaults_standard_mumra_x, nicolae_vaults_big_angled_halls,
          hangedman_vaults_slice, vaults_dpeg_encased_lava,
          layout_vaults_omnicross
Vaults:2: v_pattern_5, v_misc_26, minmay_crypt_entry_necro_gods, v_misc_1,
          ontoclasm_vaults_chip, nicolae_vaults_three_branches, v_misc_30,
          vaults_room_pools, v_misc_13, vaults_room_semicircle,
          nicolae_vaults_asterisk, v_misc_24, layout_vaults_omnibox,
          serial_shops, nicolae_lakefront_shop
Vaults:3: ontoclasm_vaults_ring_square, vaults_mumra_minichess_inversion,
          vaults_room_door_hall, st_spiral_rooms, v_misc_2,
          layout_vaults_omnigrid, serial_shops, shop
Vaults:4: nicolae_vaults_circle_grid_a, nicolae_vaults_little_squares_6,
          v_misc_25, dpeg_vaults_monster_box, v_misc_31,
          nicolae_vaults_back_hallway, special_room_vaults [special_room_orc],
          v_rooms_2, nicolae_vaults_network_barrier, vaults_room_fancy_cross,
          vaults_dpeg_doors, nicolae_vaults_little_squares_2,
          layout_vaults_maze_snakey
Depths:1: layout_forbidden_donut, pan_entry, serial_shops, shop_fountains,
          fountainhead, hell_entry, chequers_jeans, hangedman_decor_growths,
          minmay_misc_feat_enclosed, minmay_crystal_box, uniq_enchantress
Depths:2: cheibrodos_hall_of_evolution, layout_gridlike, enter_ziggurat_b,
          minmay_hedge_maze, serial_shops, shop_statue, rand_demon_pan_entry_5,
          hell_entry

Skill      XL: |  1  2  3  4  5  6  7  8  9 10 11 12 13 14 15 16 17 18 19 20 |
---------------+-------------------------------------------------------------+-----
Fighting       | 11 12 13 14 15 16 17 | 17.1
Invocations    | 1 2 3 4 5 6 7 8 9 10 11 12 13 14 15 | 15.2
Short Blades   | 1 2 3 4 5 6 7 8 9 10 11 12 13 14 | 14.1
Long Blades    | 1 2 3 4 5 6 7 8 9 10 11 12 13 14 | 14.1
Axes           | 1 2 3 4 5 6 7 8 9 10 11 12 13 14 | 14.1
Polearms       | 1 2 3 4 5 6 7 8 9 10 11 12 13 14 | 14.1
Staves         | 1 2 3 4 5 6 7 8 9 10 11 12 13 14 | 14.1
Slings         | 1 2 3 4 5 6 7 8 9 10 11 12 13 14 | 14.1
Bows           | 1 2 3 4 5 6 7 8 9 10 11 12 13 14 | 14.1
Crossbows      | 1 2 3 4 5 6 7 8 9 10 11 12 13 14 | 14.1
Dodging        | 1 2 3 4 5 6 7 8 9 10 11 12 14 15 16 | 16.2
Stealth        | 1 2 3 4 5 6 7 8 9 10 11 12 13 14 | 14.1
Shields        | 1 2 3 4 5 6 7 8 9 10 11 12 13 14 | 14.1
Unarmed Combat | 1 2 3 4 5 6 7 8 9 10 11 12 13 14 | 14.9
Spellcasting   | 1 2 3 4 5 6 7 8 9 10 11 12 13 14 | 14.1
Conjurations   | 1 2 3 4 5 6 7 8 9 10 11 | 11.9
Hexes          | 1 2 3 4 5 6 7 8 9 10 11 | 11.9
Summonings     | 1 2 3 4 5 6 7 8 9 10 11 | 11.9
Necromancy     | 1 2 3 4 5 6 7 8 9 10 11 | 11.9
Translocations | 1 2 3 4 5 6 7 8 9 10 11 | 11.9
Transmutations | 1 2 3 4 5 6 7 8 9 10 11 | 11.9
Fire Magic     | 1 2 3 4 5 6 7 8 9 10 11 | 11.9
Ice Magic      | 1 2 3 4 5 6 7 8 9 10 11 | 11.9
Air Magic      | 1 2 3 4 5 6 7 8 9 10 11 | 11.9
Earth Magic    | 1 2 3 4 5 6 7 8 9 10 11 | 11.9
Poison Magic   | 1 2 3 4 5 6 7 8 9 10 11 | 11.9
Throwing       | 3 4 5 6 7 8 9 10 11 12 13 14 | 14.3
Armour         | 3 4 5 6 7 8 9 10 11 12 13 14 | 14.3
Evocations     | 3 4 5 6 7 8 9 10 11 12 13 14 | 14.3
Maces & Flails | 5 6 7 8 9 10 11 12 13 14 | 14.7

Action                   |  1- 3 |  4- 6 |  7- 9 | 10-12 | 13-15 | 16-18 | 19-21 || total
-------------------------+-------+-------+-------+-------+-------+-------+-------++-------
Melee: Mace              |    92 |   112 |   313 |   640 |   765 |       |       ||  1922
       Bite              |     5 |     9 |    40 |   111 |   199 |   231 |   189 ||   784
       Punch             |     1 |       |    10 |     5 |       |       |       ||    16
       Hand axe          |       |       |       |       |   300 |  1060 |   772 ||  2132
 Cast: Shock             |       |       |       |    84 |    27 |       |       ||   111
       Vampiric Draining |       |       |       |    87 |    31 |       |       ||   118
       Fulminant Prism   |       |       |       |    19 |    32 |       |     4 ||    55
       Summon Lightning  |       |       |       |       |    49 |    24 |    34 ||   107
       Summon Forest     |       |       |       |       |    38 |    37 |    31 ||   106
       Agony             |       |       |       |       |     1 |       |       ||     1
       Death Channel     |       |       |       |       |    11 |    31 |    25 ||    67
       Dispel Undead     |       |       |       |       |     1 |       |       ||     1
       Summon Hydra      |       |       |       |       |       |    58 |    81 ||   139
       Summon Cactus Gia |       |       |       |       |       |    24 |    28 ||    52
       Eringya's Noxious |       |       |       |       |       |       |     2 ||     2
       Spellforged Servi |       |       |       |       |       |       |     3 ||     3
Invok: Curse Item        |     2 |     2 |     1 |     2 |     4 |     1 |       ||    12
       Shatter the Chain |       |       |       |       |     1 |     1 |     1 ||     3
  Use: Potion            |       |       |     1 |     3 |     3 |     2 |       ||     9
       Scroll            |       |       |       |     1 |     2 |     3 |     2 ||     8
 Stab: Sleeping          |       |     2 |     3 |     7 |    14 |    31 |     3 ||    60
       Distracted        |       |       |     1 |     1 |    27 |    25 |    24 ||    78
Armor: Ring mail         |    40 |    45 |   104 |   190 |   179 |    40 |       ||   598
       Chain mail        |       |       |       |       |       |    56 |   100 ||   156
Dodge: Dodged            |    37 |    60 |   209 |   319 |   480 |   361 |   236 ||  1702
Block: Other             |       |    17 |    77 |    40 |       |       |       ||   134
       Reflection        |       |     1 |     2 |     6 |    20 |    75 |    23 ||   127
       Kite shield       |       |       |       |   455 |   870 |   759 |   498 ||  2582

Table legend: (Time is in decaauts)
 A = Elapsed time spent in this place.
 B = Non-inter-level travel time spent in this place.
 C = Inter-level travel time spent in this place.
 D = Time resting spent in this place.
 E = Time spent auto-exploring this place.
 F = Levels seen in this place.
 G = Mean time per level.
                   A        B        C        D        E       F      G
               +--------+--------+--------+--------+--------+-----+--------+
         Total |  58162 |  54563 |   3599 |   8441 |  36392 |  37 | 1571.9 |
       Dungeon |  19448 |  17727 |   1721 |   2693 |  11799 |  15 | 1296.5 |
        Temple |      1 |      1 |      0 |      0 |      0 |   1 |    1.0 |
          Lair |  12828 |  12325 |    503 |   1906 |   8442 |   6 | 2138.0 |
     Snake Pit |   6450 |   6071 |    379 |   1087 |   3840 |   4 | 1612.5 |
  Orcish Mines |   1944 |   1602 |    342 |    357 |   1009 |   2 |  972.0 |
   Elven Halls |   3268 |   3069 |    199 |    517 |   2040 |   2 | 1634.0 |
        Vaults |  10674 |  10305 |    369 |   1134 |   7164 |   4 | 2668.5 |
        Depths |   3350 |   3266 |     84 |    747 |   1975 |   2 | 1675.0 |
        Bazaar |    195 |    195 |      0 |      0 |    121 |   1 |  195.0 |
               +--------+--------+--------+--------+--------+-----+--------+

Top non-repeatable levels by time:
Vaults:3: 3202 daAuts
Depths:1: 3085 daAuts
Vaults:4: 2840 daAuts
  Lair:2: 2676 daAuts
  Lair:1: 2492 daAuts
Vaults:1: 2378 daAuts
 Snake:1: 2356 daAuts
  Lair:5: 2315 daAuts
Vaults:2: 2253 daAuts
  Lair:4: 2201 daAuts
   Elf:1: 2112 daAuts
 Snake:4: 2081 daAuts
    D:14: 1986 daAuts
     D:8: 1768 daAuts
     D:4: 1748 daAuts
